 Dungeon Crawl Stone Soup version 0.17.2-2-g6415ff710d (webtiles) character file.

65 alasdair19 the Sneak (level 3, 0/30 HPs)
             Began as a Minotaur Assassin on Dec 27, 2021.
             Succumbed to an adder's poison
             ... on level 2 of the Dungeon on Dec 28, 2021.
             The game lasted 00:15:58 (2150 turns).

alasdair19 the Sneak (Minotaur Assassin)            Turns: 2150, Time: 00:15:58

Health: 0/30       AC: 13    Str: 16    XL:     3   Next: 92%
Magic:  2/2        EV:  4    Int:  8    God:
Gold:   122        SH:  0    Dex: 11    Spells: 0 memorised, 2 levels left

rFire  . . .     SeeInvis .     a - +0 spear
rCold  . . .     Clarity  .     p - +0 plate armour
rNeg   . . .     SustAt   .     (no shield)
rPois  .         Gourm    .     (helmet restricted)
rElec  .         Spirit   .     d - +0 cloak
rCorr  .         Warding  .     q - +1 pair of gloves
rMut   .         Stasis   .     (no boots)
MR     .....                    (no amulet)
Stlth  ..........               (no ring)
                                (no ring)

@: lethally poisoned (0 -> -3), slowed, very slow, not resistant to hostile
enchantments, extremely unstealthy
A: retaliatory headbutt, horns 2
a: no special abilities


You were on level 2 of the Dungeon.
You were not hungry.

You visited 1 branch of the dungeon, and saw 2 of its levels.

You collected 122 gold pieces.

Inventory:

Hand Weapons
 a - a +0 spear (weapon)
 b - a +0 blowgun
Missiles
 e - 5 poisoned needles
 f - 2 curare-tipped needles
 r - 7 needles of slowing
 u - 17 stones (quivered)
Armour
 d - a +0 cloak (worn)
 p - a +0 plate armour (worn)
 q - a +1 pair of gloves (worn)
Jewellery
 m - an uncursed ring of protection from magic {unknown}
Scrolls
 c - a scroll of fog {unknown}
 h - a scroll of amnesia {unknown}
 i - 2 scrolls of identify {unknown}
 n - a scroll of teleportation {unknown}
Potions
 j - a potion of invisibility {unknown}
 l - 2 potions of heal wounds {unknown}
 o - a potion of curing {unknown}
 s - a potion of lignification {unknown}
 t - a potion of agility {unknown}
Comestibles
 g - 2 bread rations
 k - 2 meat rations


   Skills:
 + Level 2.5 Fighting
   Level 2.3 Short Blades
 + Level 2.5 Throwing
 + Level 0.5 Armour
 + Level 1.5 Dodging
 + Level 4.2 Stealth


You had 2 spell levels left.
You didn't know any spells.

Dungeon Overview and Level Annotations

Branches:
Dungeon (2/15)

Altars:
Nemelex Xobeh

Annotations:
D:2 Natasha


Innate Abilities, Weirdness & Mutations

You reflexively headbutt those who attack you in melee.
You have a pair of horns on your head.


Message History

Natasha casts a spell at you. The magic dart hits you!
* * * LOW HITPOINT WARNING * * *
The iron imp barely misses you. The adder bites you but does no damage.
The shadow imp hits you.
* * * LOW HITPOINT WARNING * * *
Natasha claws you but does no damage. The iron imp barely misses you.
The adder bites you but does no damage. The shadow imp barely misses you.
You hit the iron imp but do no damage.
The iron imp is heavily wounded.
The adder barely misses you. Natasha claws you.
* * * LOW HITPOINT WARNING * * *
The shadow imp hits you.
* * * LOW HITPOINT WARNING * * *
The iron imp hits you.
* * * LOW HITPOINT WARNING * * *
The adder barely misses you.
You hit the iron imp but do no damage.
The iron imp is heavily wounded.
You die...

####...........# #.##.#.#######)#
#......# ### #.# #....#.#######.#
##.>###.+.._..'.## #########
##..#...###.###..# #####.......#
........# #.# #..# #...........#
.#....#.###'###h5# #.##........#
.#..###........5@# #.##.)......#
........#......#S###.##........#
.#(######......#.#...#.........#
...(....(......'.##.##.#.......##
##.######......####.##.+.........
#.# ####...........#.........
#...........#.........
#...........#.......##
#...............#####


You could see an iron imp, Natasha, an adder and a shadow imp.

Vanquished Creatures
  Natasha (twice) (D:2)
  An adder (D:2)
  A giant cockroach (D:2)
  7 goblins
  3 hobgoblins (D:1)
  4 bats
  3 giant newts (D:1)
  4 kobolds
  A rat (D:2)
26 creatures vanquished.

Notes
Turn   | Place    | Note
--------------------------------------------------------------
     0 | D:1      | alasdair19 the Minotaur Assassin began the quest for the Orb.
     0 | D:1      | Reached XP level 1. HP: 18/18 MP: 0/0
   276 | D:1      | Reached XP level 2. HP: 25/25 MP: 1/1
  1121 | D:2      | Found a sparkling altar of Nemelex Xobeh.
  1164 | D:2      | Noticed Natasha
  1176 | D:2      | Killed Natasha
  1176 | D:2      | Reached skill level 4 in Stealth
  1176 | D:2      | Reached XP level 3. HP: 2/30 MP: 2/2
  1655 | D:2      | Noticed Natasha
  1666 | D:2      | Killed Natasha
  1992 | D:2      | Found a faded altar to an unknown god.
  2140 | D:2      | Noticed Natasha
  2149 | D:2      | HP: 1/30 [iron imp[Natasha] (1)]
  2150 | D:2      | Succumbed to an adder's poison

Action                   || total
-------------------------++-------
Melee: Dagger            ||    10
       Spear             ||    11
 Fire: Blowgun           ||    47
Throw: Stone             ||     4
 Stab: Sleeping          ||     9
  Eat: Bread ration      ||     1
